 Dungeon Crawl Stone Soup version 0.23-a0-666-g28d4f2f0af (webtiles) character file.

35 LLavrengius the Sneak (level 3, -5/22 HPs)
             Began as an Octopode Venom Mage on Jan 8, 2019.
             Slain by a bullfrog skeleton (6 damage)
             ... on level 2 of the Dungeon.
             The game lasted 00:04:33 (1209 turns).

LLavrengius the Sneak (Octopode Venom Mage)         Turns: 1209, Time: 00:04:34

Health: -5/22      AC:  1    Str:  7    XL:     3   Next: 35%
Magic:  6/6        EV: 13    Int: 18    God:
Gold:   71         SH:  0    Dex: 12    Spells: 0/6 levels left

rFire    . . .     SeeInvis .   i - +0 dagger (drain)
rCold    . . .     Gourm    .   (no shield)
rNeg     . . .     Faith    .   (helmet restricted)
rPois    .         Spirit   .   (no amulet)
rElec    .         Reflect  .   (no ring)
rCorr    .         Harm     .   (no ring)
MR       .....                  (no ring)
Stlth    ++++......             (no ring)
HPRegen  0.07/turn              (no ring)
MPRegen  0.10/turn              (no ring)
                                (no ring)
                                (no ring)

@: no status effects
A: almost no armour, stealthy swim, amphibious, 8 rings, constrict 8, camouflage
1, gelatinous body 1
a: no special abilities


You were on level 2 of the Dungeon.
You were very hungry.

You visited 1 branch of the dungeon, and saw 2 of its levels.

You collected 71 gold pieces.

Inventory:

Hand Weapons
 c - a +0 spear
 d - a +0 dagger
 i - a +0 dagger of draining (weapon)
Scrolls
 e - a scroll of teleportation {unknown}
 f - 2 scrolls of random uselessness {unknown}
 h - a scroll of enchant armour {unknown}
 k - 2 scrolls of identify {unknown}
 l - a scroll of immolation {unknown}
 m - a scroll of remove curse {unknown}
 o - a scroll of blinking {unknown}
Potions
 a - a potion of degeneration {unknown}
 g - a potion of curing {unknown}
 j - a potion of agility {unknown}
 n - a potion of magic {unknown}
Comestibles
 b - 4 rations


   Skills:
 + Level 0.5 Fighting
 + Level 0.5 Short Blades
 - Level 2.0 Dodging
 + Level 4.4 Stealth
 - Level 2.0 Spellcasting
 - Level 1.0 Conjurations
 - Level 4.0 Poison Magic


You couldn't memorise any spells.
You knew the following spells:

 Your Spells              Type           Power        Failure   Level  Hunger
a - Sting                 Conj/Pois      ##..         6%          1    #......
b - Poisonous Vapours     Pois/Air       #.....       12%         2    ###....
c - Mephitic Cloud        Conj/Pois/Air  #.......     26%         3    ###....

Your spell library contained the following spells:

 Spells                   Type           Power        Failure   Level  Hunger
 Olgreb's Toxic Radiance  Pois           ###.....     34%         4    #####..
 Venom Bolt               Conj/Pois      ##........   87%         5    ######.


Dungeon Overview and Level Annotations

Branches:
Dungeon (2/15)

Altars:


Innate Abilities, Weirdness & Mutations

You cannot wear most types of armour.
You are very stealthy in the water. (Stealth+)
You are amphibious.
You can wear up to eight rings at the same time.
You can use your tentacles to constrict eight enemies at once.
Your skin changes colour to match your surroundings (Stealth+).
Your rubbery body absorbs attacks. (AC +1, EV +1)


Message History

The bullfrog skeleton is moderately damaged.
You constrict the bullfrog skeleton, but do no damage.
The bullfrog skeleton closely misses you.
You hit the bullfrog skeleton.
The bullfrog skeleton is moderately damaged.
You constrict the bullfrog skeleton. The bullfrog skeleton hits you!
You hit the bullfrog skeleton.
The bullfrog skeleton is moderately damaged.
You constrict the bullfrog skeleton. The bullfrog skeleton hits you. x2
* * * LOW HITPOINT WARNING * * *
You are too injured to fight recklessly!
You are too injured to fight recklessly!
You hit the bullfrog skeleton.
The bullfrog skeleton is heavily damaged.
You constrict the bullfrog skeleton. The bullfrog skeleton hits you.
* * * LOW HITPOINT WARNING * * *
You hit the bullfrog skeleton.
The bullfrog skeleton is severely damaged.
You constrict the bullfrog skeleton. The bullfrog skeleton hits you.
You die...

##...............#
##... ####............#
#..## ##...........#
###.##
###.#.........#####...#
#...#>..............###
##.###..........######
#..# #.............# #
###.##
#...Z.....###.###
######.>.#
#...@......##...##
.......###
#.......<...###..###
.......#
######...##..###[..#
......##
###.#..÷#.<####.#
......#
#...###..#÷...#.##
..##### ###.###
##...##.#... ..# ##...#
###.##.###. .## ##..###
.##..... ## #..##
..##.###


You could see a bullfrog skeleton.

Vanquished Creatures
  An adder (D:2)
  A leopard gecko (D:2)
  2 giant cockroaches (D:1)
  2 goblins
  A hobgoblin (D:1)
  3 jackals (D:1)
  3 bats (D:1)
  3 frilled lizards
  4 kobolds
  7 rats
27 creatures vanquished.

Notes
Turn   | Place    | Note
-------+----------+-------------------------------------------
     0 | D:1      | LLavrengius the Octopode Venom Mage began the quest for the
                  | Orb.
     0 | D:1      | Reached XP level 1. HP: 11/11 MP: 3/3
   423 | D:1      | Reached XP level 2. HP: 15/17 MP: 5/5
   467 | D:1      | Learned a level 2 spell: Poisonous Vapours
  1000 | D:2      | Reached XP level 3. HP: 21/21 MP: 6/6
  1005 | D:2      | Learned a level 3 spell: Mephitic Cloud
  1208 | D:2      | HP: 1/22 [bullfrog skeleton (2)]
  1209 | D:2      | Slain by a bullfrog skeleton

Vault maps used:
D:1:      psy_arrival_heroes
D:2:      first_ration

Skill      XL: |  1  2 |
---------------+-------+-----
Stealth        | 3 4 |  4.4
Poison Magic   | 4 |  4.0
Fighting       | |  0.5
Short Blades   | |  0.5
Dodging        | |  2.0
Spellcasting   | |  2.0
Conjurations   | |  1.0

Action                   || total
-------------------------++-------
Melee: Spear             ||    36
       Constrict         ||    15
       Unarmed           ||     5
       Tentacles         ||     3
       Dagger            ||    20
 Cast: Sting             ||     5
       Poisonous Vapours ||     2
 Stab: Sleeping          ||     8
Armor: Skin              ||     6
Dodge: Dodged            ||    52

Table legend:
 A = Non-vault XP
 B = Vault XP
 C = Vault XP percentage of total XP
 D = Non-vault monster count
 E = Vault monster count
 F = Vault count percentage of total count
                 A         B        C        D         E       F
            +---------+---------+-------+---------+---------+-------
      Total |      51 |       0 |   0.0 |      27 |       0 |   0.0
            +---------+---------+-------+---------+---------+-------
        D:1 |      29 |       0 |   0.0 |      20 |       0 |   0.0
        D:2 |      22 |       0 |   0.0 |       7 |       0 |   0.0
            +---------+---------+-------+---------+---------+-------
